 Dungeon Crawl Stone Soup version 0.32-a0-685-g93135e86f0 (webtiles) character file.

Game seed: 15739903864337320266

14275 tilp the Covert (level 11, -1/87 HPs)
             Began as a Vampire Enchanter on Mar 12, 2024.
             Was an Elder of Wu Jian.
             Slain by a torpor snail (18 damage)
             ... on level 1 of the Lair of Beasts.
             The game lasted 00:23:07 (12673 turns).

tilp the Covert (Vampire Enchanter)                Turns: 12673, Time: 00:23:08

Health: -1/87      AC: 10    Str:  7    XL:     11   Next: 86%
Magic:  1/20       EV: 12    Int: 22    God:    Wu Jian [****..]
Gold:   1661       SH: 11    Dex: 15    Spells: 7/22 levels left

rFire   . . .        a - +4 dagger (freeze)
rCold   + . .        K - +2 kite shield {reflect}
rNeg    . . .        x - +0 robe
rPois   +            g - +2 hat
rElec   .            l - +2 cloak {rPois}
rCorr   .            t - +2 pair of gloves
SInv    +            (no boots)
Will    ++...        M - amulet of the acrobat
Stlth   +++++        v - ring of protection from cold
HPRegen 0.54/turn    j - ring of willpower
MPRegen 0.17/turn

%: reflection, acrobat
@: confusing by touch, healing quickly, slowed, studying Spellcasting, very slow
A: alive, fangs 3, see invisible, vampiric 2
a: Exsanguinate, Renounce Religion, Wall Jump, Serpent's Lash


You were on level 1 of the Lair of Beasts.
You worshipped Wu Jian.
Wu Jian was greatly pleased with you.
You visited 3 branches of the dungeon, and saw 13 of its levels.
You also visited: Bailey.

You collected 1661 gold pieces.

Inventory:

Hand Weapons
 a - a +4 dagger of freezing (weapon)
 b - a +3 dagger of venom
 F - a +2 dagger of venom
Missiles
 k - 19 boomerangs
 m - 39 poisoned darts (quivered)
 I - 6 throwing nets
Armour
 g - a +2 hat (worn)
 l - a +2 cloak of poison resistance (worn)
 t - a +2 pair of gloves (worn)
 u - a +0 buckler
 x - a +0 robe (worn)
 K - a +2 kite shield of reflection (worn)
Jewellery
 i - a ring of poison resistance
 j - a ring of willpower (right hand)
 v - a ring of protection from cold (left hand)
 w - a +6 ring of intelligence
 C - a ring of wizardry
 M - an amulet of the acrobat (around neck)
 N - a ring of ice
 Q - a +6 ring of intelligence
Wands
 r - a wand of flame (17)
 y - a wand of acid (5)
 z - a wand of paralysis (7)
 B - a wand of roots (6)
Scrolls
 h - 4 scrolls of revelation
 n - a scroll of vulnerability
 A - 2 scrolls of blinking
 G - a scroll of fear
 H - a scroll of fog
 L - a scroll of teleportation
Potions
 c - 4 potions of invisibility
 d - 2 potions of attraction
 e - 2 potions of magic
 f - 3 potions of cancellation
 p - 3 potions of brilliance
 q - a potion of mutation
 s - 2 potions of berserk rage
 D - a potion of lignification
 E - a potion of enlightenment {unknown}
 J - a potion of heal wounds {unknown}
 O - a potion of might {unknown}
 S - a potion of haste {unknown}


   Skills:
 * Level 8.9 Fighting
 - Level 5.0(7.6) Short Blades
 * Level 8.1(8.7) Long Blades
 - Level 6.0 Dodging
 + Level 11.6 Stealth
 - Level 4.0 Shields
 + Level 6.4 Spellcasting
 + Level 10.5 Hexes
 - Level 4.0 Evocations


You had 7 spell levels left.
You knew the following spells:

 Your Spells              Type           Power      Damage    Failure   Level
a - Ensorcelled Hibernat  Hex/Ice        60%        N/A       10%         2
b - Confusing Touch       Hex            52%        N/A       1%          3
c - Tukima's Dance        Hex            52%        N/A       1%          3
d - Dazzling Flash        Conj/Hex       60%        N/A       19%         3
e - Cause Fear            Hex            26%        N/A       7%          4

Your spell library contained the following spells:

 Spells                   Type           Power      Damage    Failure   Level
 Magic Dart               Conj           28%        1d4       47%         1
 Anguish                  Hex/Necr       15%        N/A       52%         4
 Searing Ray              Conj           14%        2d5       63%         2
 Hailstorm                Conj/Ice       7%         3d5       85%         3
 Summon Ice Beast         Ice/Summ       7%         N/A       85%         3
 Fulminant Prism          Conj/Alch      3%         3d5       99%         4
 Enfeeble                 Hex            26%        N/A       99%         7
 Permafrost Eruption      Ice/Erth       3%         2x4d2     100%        6
 Sculpt Simulacrum        Ice/Alch       3%         N/A       100%        6


Dungeon Overview and Level Annotations

Branches:
Dungeon (11/15)            Temple (1/1) D:6            Lair (1/5) D:10
    Orc (0/2) D:9          Bailey (visited)

Altars:
Ashenzari
Cheibriados
Dithmenos
Fedhas
Gozag
Hepliaklqana
Kikubaaqudgha
Makhleb
Nemelex Xobeh
Okawaru
Qazlal
Ru
Sif Muna
Trog
Uskayaw
Vehumet
Wu Jian
Xom
Yredelemnul

Shops:
D:10 *


Innate Abilities, Weirdness & Mutations

Your natural rate of healing is accelerated.
You have razor-sharp teeth.
You have supernaturally acute eyesight. (SInv)
You are afflicted with vampirism and can become a bat while bloodless.


Message History

Aiming: Ensorcelled Hibernation (safe; 10% risk of failure)
Press: ? - help, Shift-Dir - straight line, f - komodo dragon
Aim: a komodo dragon (chance to affect: 42%)
The komodo dragon looks drowsy...
Unknown command.
The helpless komodo dragon fails to defend itself.
You perforate the komodo dragon like a sieve!!!!
You freeze the komodo dragon.
You kill the komodo dragon!
The Council accepts your kill.
Unknown command.
Casting: Ensorcelled Hibernation (safe; 10% risk of failure)
Confirm with . or Enter, or press ? or * to list all spells.
Aiming: Ensorcelled Hibernation (safe; 10% risk of failure)
Press: ? - help, Shift-Dir - straight line, f - torpor snail
Aim: a torpor snail (severely wounded, chance to affect: 13%)
The torpor snail resists with almost no effort.
The torpor snail bites you!
* * * LOW HITPOINT WARNING * * *
The torpor snail bites you.
* * * LOW HITPOINT WARNING * * *
Unknown command.
Casting: Ensorcelled Hibernation (safe; 10% risk of failure)
Confirm with . or Enter, or press ? or * to list all spells.
Your hands begin to glow red.
You block the torpor snail's attack.
Unknown command.
You hit the torpor snail but do no damage.
The torpor snail is severely wounded.
The torpor snail bites you.
* * * LOW HITPOINT WARNING * * *
You hit the torpor snail but do no damage.
You bite the torpor snail, but do no damage.
The torpor snail is severely wounded.
You hit the torpor snail but do no damage.
You bite the torpor snail.
The torpor snail is severely wounded.
The torpor snail bites you.
* * * LOW HITPOINT WARNING * * *
You feel better. The torpor snail bites you!!
You die...

##........###...............
##.......P###.............#
##...##..###.............#
#P.###...#..............#
###.#.......#...........#
##.....#..##..........##
###....###..#####.......#
###.......###w# ##......#
####.........# #@# ###....#
#....#.......# #.# #..##
...P#......(.# #.# ###
.#..#.......## #..
####........# #.. #........#
.... ###.####P# ##.. ### ##
...


You could see a torpor snail.

Vanquished Creatures
  Harold (D:9)
  A boulder beetle (D:8)
  2 two-headed ogres (D:10)
  A tengu warrior (D:11)
  An orc knight (Bailey)
  A manticore (D:11)
  An ugly thing (D:11)
  Maurice (D:8)
  Joseph (D:7)
  A black mamba (Lair:1)
  A komodo dragon (Lair:1)
  2 kobold demonologists
  2 trolls
  A hornet (D:10)
  Sigmund (D:5)
  2 wraiths
  A wyvern (D:10)
  4 yaks (D:9)
  An acid dragon (D:10)
  A water moccasin (D:9)
  10 orc warriors
  3 ice beasts
  3 black bears
  2 ogres
  A centaur (D:10)
  2 phantoms
  4 kobold brigands
  A gnoll sergeant (D:10)
  3 bullfrogs
  10 wights
  3 killer bees (D:10)
  7 howler monkeys
  3 hounds
  2 jellies
  Crazy Yiuf (D:2)
  8 orc priests
  2 iguanas
  11 orc wizards
  22 gnolls
  7 adders
  A shadow imp (D:6)
  6 ufetubi
  3 dart slugs
  3 ribbon worms (D:2)
  44 orcs
  5 endoplasms
  2 giant cockroaches
  22 goblins
  15 hobgoblins
  3 jackals (D:4)
  19 kobolds
  4 quokkas
  4 ball pythons
  4 bats
  3 frilled lizards (D:2)
  4 rats
274 creatures vanquished.

Vanquished Creatures (collateral kills)
  An orc warlord (Bailey)
  18 wights
  An orc priest (D:6)
  An iguana (D:6)
  An orc wizard (D:6)
  A gnoll (D:7)
  4 orcs
27 creatures vanquished.

Vanquished Creatures (others)
  10 dancing weapons
  2 killer bees (D:10)
12 creatures vanquished.

Grand Total: 313 creatures vanquished

Notes
Turn   | Place    | Note
-------+----------+-------------------------------------------
     0 | D:1      | tilp the Vampire Enchanter began the quest for the Orb.
     0 | D:1      | Reached XP level 1. HP: 13/13 MP: 3/3
   359 | D:1      | Reached XP level 2. HP: 20/20 MP: 5/5
   385 | D:1      | Learned a level 2 spell: Ensorcelled Hibernation
   788 | D:2      | Reached skill level 1 in Fighting
   869 | D:2      | Gained mutation: You are afflicted with vampirism and can
                  | become a bat while bloodless. [Vampire growth]
   869 | D:2      | Reached XP level 3. HP: 21/26 MP: 0/6
   876 | D:2      | Learned a level 3 spell: Confusing Touch
   976 | D:2      | Found a runed translucent door.
   977 | D:2      | Noticed Crazy Yiuf
  1444 | D:2      | HP: 1/26 [constriction (1)]
  1605 | D:2      | Reached XP level 4. HP: 33/33 MP: 7/7
  1681 | D:2      | Killed Crazy Yiuf
  1783 | D:3      | Reached skill level 5 in Stealth
  1902 | D:3      | Found a snail-covered altar of Cheibriados.
  2163 | D:3      | Reached skill level 5 in Hexes
  2599 | D:4      | Reached XP level 5. HP: 29/38 MP: 1/8
  3198 | D:4      | Learned a level 3 spell: Tukima's Dance
  3306 | D:5      | Entered Level 5 of the Dungeon
  3309 | D:5      | Noticed Sigmund
  3322 | D:5      | Killed Sigmund
  3323 | D:5      | Reached XP level 6. HP: 37/47 MP: 4/10
  3398 | D:5      | Noticed an ice beast
  3409 | D:5      | Killed an ice beast
  3515 | D:5      | Reached XP level 7. HP: 52/52 MP: 2/11
  3519 | D:5      | Learned a level 3 spell: Dazzling Flash
  3651 | D:5      | Reached skill level 6 in Stealth
  4026 | D:5      | Reached skill level 5 in Short Blades
  4044 | D:5      | Found an ancient bone altar of Kikubaaqudgha.
  4107 | D:5      | Reached XP level 8. HP: 57/60 MP: 6/13
  4288 | D:6      | Identified the +0 chain mail of a sewer {Harm rCorr Str-3
                  | Dex-2}
  4519 | D:6      | Found a broken altar of Ashenzari.
  4548 | D:6      | Reached skill level 7 in Stealth
  4752 | D:6      | Found a staircase to the Ecumenical Temple.
  4770 | Temple   | Entered the Ecumenical Temple
  4771 | Temple   | Identified a scroll of acquirement
  4788 | Temple   | Became a worshipper of the Wu Jian Council
  5040 | D:6      | Reached skill level 1 in Long Blades
  5121 | D:6      | Reached skill level 5 in Fighting
  5138 | D:6      | Found a sparkling altar of Nemelex Xobeh.
  5588 | D:6      | Reached skill level 5 in Dodging
  5815 | D:7      | Reached skill level 8 in Stealth
  5843 | D:7      | Reached XP level 9. HP: 66/68 MP: 12/15
  5936 | D:7      | Reached * piety under Wu Jian
  6049 | D:7      | Noticed Joseph
  6077 | D:7      | Killed Joseph
  6083 | D:7      | Reached skill level 1 in Evocations
  6129 | D:7      | Reached skill level 1 in Shields
  6250 | D:7      | Found a hazy altar of Hepliaklqana.
  6252 | D:7      | Found an iron altar of Okawaru.
  6564 | D:7      | Learned a level 4 spell: Cause Fear
  7175 | D:8      | Found a flagged portal.
  7225 | Bailey   | Entered a bailey
  7617 | Bailey   | Reached ** piety under Wu Jian
  7800 | Bailey   | Noticed an orc knight
  7824 | Bailey   | Killed an orc knight
  7825 | Bailey   | Reached skill level 9 in Stealth
  7825 | Bailey   | Reached XP level 10. HP: 24/77 MP: 3/17
  7970 | Bailey   | Noticed an orc warlord
  7982 | Bailey   | Killed an orc warlord
  7983 | Bailey   | Reached skill level 5 in Long Blades
  7983 | Bailey   | Reached skill level 5 in Spellcasting
  8198 | Bailey   | Acquired 779 gold pieces
  8200 | Bailey   | Acquired a manual of Spellcasting
  8960 | D:8      | Noticed a boulder beetle
  8965 | D:8      | Killed a boulder beetle
  9118 | D:8      | Noticed Maurice
  9123 | D:8      | Maurice stole 27 poisoned darts
  9126 | D:8      | Killed Maurice
  9127 | D:8      | Reached skill level 10 in Stealth
  9415 | D:9      | Reached *** piety under Wu Jian
  9714 | D:9      | Reached XP level 11. HP: 75/84 MP: 6/18
 10256 | D:9      | Noticed Harold
 10259 | D:9      | Killed Harold
 10502 | D:9      | Found a staircase to the Orcish Mines.
 10638 | D:10     | Entered Level 10 of the Dungeon
 10666 | D:10     | Noticed a two-headed ogre
 10668 | D:10     | Killed a two-headed ogre
 11321 | D:10     | Noticed a two-headed ogre
 11327 | D:10     | Killed a two-headed ogre
 11328 | D:10     | Reached skill level 11 in Stealth
 11328 | D:10     | Reached skill level 10 in Hexes
 11358 | D:10     | Found Gualyxkat's Neck Hole.
 11415 | D:10     | Found a staircase to the Lair.
 11525 | D:11     | Reached **** piety under Wu Jian
 11711 | D:11     | Noticed a white ugly thing
 11719 | D:11     | Killed a brown ugly thing
 11997 | D:11     | Noticed a tengu warrior
 12003 | D:11     | Killed a tengu warrior
 12576 | Lair:1   | Entered Level 1 of the Lair of Beasts
 12673 | Lair:1   | Slain by a torpor snail

Illustrated notes

Levels and vault maps discovered:
D:1:      ncdulo_wetmaze, layout_loops_ring, serial_forest,
          infiniplex_forest_lined_corner, infiniplex_forest_lined_1,
          infiniplex_forest_zigzag_1, infiniplex_forest_lined_4_way
D:2:      minmay_chambers_of_twos, layout_rooms, minmay_pentomino_v4,
          uniq_crazy_yiuf_cottage
D:3:      layout_rooms, nicolae_overflow_crystal_walls
D:4:      layout_rooms
D:5:      layout_loops_cross, kiku_gazebo_pond_becter, uniq_sigmund
D:6:      layout_loops_ring, mainiacjoe_overflow_concentric_impassable,
          amcnicky_altar_gilded, minmay_temple_entry_ruins
D:7:      layout_cave_pods, jmf_multi_god_temple, uniq_joseph
D:8:      layout_cave_pods, enter_bailey_5, minmay_statues_item, uniq_maurice
D:9:      layout_roguey, hiddenorc1_lemuel, lemuel_flamethrower_1, uniq_harold
D:10:     layout_cave_pools, lair_entry_dummy, nicolae_shop_sticking_my_neck_out
D:11:     layout_irregular_city, minmay_tree_intersection
Temple:   compressed_dpeg_triangle_lava_temple
Lair:1:   layout_cave_pods, cheibrodos_lair_lostbears

Skill      XL: |  1  2  3  4  5  6  7  8  9 10 11 |
---------------+----------------------------------+-----
Fighting       | 1 2 3 4 5 6 7 8 |  8.9
Short Blades   | 2 3 4 5 |  5.0
Stealth        | 5 6 8 9 10 11 | 11.6
Hexes          | 5 6 7 8 9 10 | 10.5
Dodging        | 3 4 5 6 |  6.0
Spellcasting   | 3 4 5 6 |  6.4
Long Blades    | 2 4 6 8 |  8.1
Evocations     | 2 3 4 |  4.0
Shields        | 2 3 4 |  4.0

Action                     |  1- 3 |  4- 6 |  7- 9 | 10-12 || total
---------------------------+-------+-------+-------+-------++-------
  Melee: Dagger            |    84 |   156 |   335 |   284 ||   859
         Bite              |     7 |    12 |    49 |    34 ||   102
  Throw: Dart              |       |     2 |       |       ||     2
   Cast: Ensorcelled Hiber |     8 |    28 |    41 |    87 ||   164
         Confusing Touch   |       |     3 |    22 |     6 ||    31
         Tukima's Dance    |       |       |    27 |    14 ||    41
         Dazzling Flash    |       |       |     9 |    14 ||    23
Ability: Lunge             |       |       |    25 |    25 ||    50
         Whirlwind         |       |       |     5 |     8 ||    13
  Evoke: Wand              |       |       |     3 |     3 ||     6
    Use: Scroll            |     5 |     5 |     4 |    10 ||    24
         Potion            |     1 |       |       |     1 ||     2
   Stab: Sleeping          |     7 |    23 |    41 |    59 ||   130
         Confused          |       |     4 |    19 |     5 ||    28
         Invisible         |       |       |     6 |    10 ||    16
         Paralysed         |       |       |     1 |       ||     1
 Armour: Robe              |    66 |    62 |   145 |   133 ||   406
  Dodge: Dodged            |    43 |    83 |   202 |   168 ||   496
  Block: Buckler           |       |    16 |    66 |    50 ||   132
         Kite shield       |       |       |       |    20 ||    20

Table legend: (Time is in decaauts)
 A = Elapsed time spent in this place.
 B = Non-inter-level travel time spent in this place.
 C = Inter-level travel time spent in this place.
 D = Time resting spent in this place.
 E = Time spent auto-exploring this place.
 F = Levels seen in this place.
 G = Mean time per level.
                   A        B        C        D        E       F      G
               +--------+--------+--------+--------+--------+-----+--------+
         Total |  12557 |  12083 |    474 |   1487 |   8023 |  14 |  896.9 |
       Dungeon |  11387 |  10949 |    438 |    922 |   7871 |  11 | 1035.2 |
        Temple |    106 |     71 |     35 |     66 |      0 |   1 |  106.0 |
          Lair |    113 |    113 |      0 |      0 |     47 |   1 |  113.0 |
        Bailey |    950 |    950 |      0 |    499 |    105 |   1 |  950.0 |
               +--------+--------+--------+--------+--------+-----+--------+

Top non-repeatable levels by time:
     D:8: 1535 daAuts
     D:6: 1299 daAuts
     D:7: 1264 daAuts
     D:9: 1120 daAuts
    D:11: 1065 daAuts
     D:2: 1004 daAuts
     D:5: 956 daAuts
  Bailey: 950 daAuts
    D:10: 853 daAuts
     D:4: 798 daAuts
     D:1: 752 daAuts
     D:3: 737 daAuts
  Lair:1: 113 daAuts
  Temple: 106 daAuts
